 Dungeon Crawl Stone Soup version 0.31-a0-986-g5e6e4ef867 (webtiles) character file.

Game seed: 1593763713947679668

920 porpoise the Vexing (level 7, 0/46 HPs)
             Began as a Demonspawn Enchanter on Nov 19, 2023.
             Was a Believer of Nemelex Xobeh.
             Killed by divine providence
             ... invoked by Jeremiah
              (15 damage)
             ... on level 6 of the Dungeon.
             The game lasted 00:24:44 (5384 turns).

porpoise the Vexing (Demonspawn Enchanter)          Turns: 5384, Time: 00:24:44

Health: 0/46       AC:  6    Str:  8    XL:     7   Next: 83%
Magic:  12/12      EV: 16    Int: 18    God:    Nemelex Xobeh [**....]
Gold:   370        SH:  5    Dex: 14    Spells: 5/13 levels left

rFire   . . .        a - +2 dagger (venom)
rCold   . . .        i - +1 buckler
rNeg    . . .        K - +0 steam dragon scales
rPois   .            (helmet restricted)
rElec   .            p - +0 cloak
rCorr   .            (no gloves)
SInv    .            (no boots)
Will    +....        (no amulet)
Stlth   ++           n - ring of willpower
HPRegen 0.27/turn    s - +5 ring of evasion
MPRegen 0.13/turn

%: no passive effects
@: no status effects
A: antennae 1, demonic guardian 1, powered by death 2
a: Renounce Religion, Draw Escape, Draw Destruction, Draw Summoning


You were on level 6 of the Dungeon.
You worshipped Nemelex Xobeh.
Nemelex Xobeh was pleased with you.
You visited 1 branch of the dungeon, and saw 6 of its levels.

You collected 370 gold pieces.

Inventory:

Hand Weapons
 a - a +2 dagger of venom (weapon)
Missiles
 r - 11 boomerangs
 A - 5 poisoned darts (quivered)
 B - 6 javelins
Armour
 i - a +1 buckler (worn)
 p - a +0 cloak (worn)
 w - a +2 leather armour of cold resistance
 K - +0 steam dragon scales (worn)
Magical Staves
 F - a staff of poison
 I - a staff of air
Jewellery
 n - a ring of willpower (left hand)
 s - a +5 ring of evasion (right hand)
 E - a ring of magical power
Wands
 z - a wand of polymorph (9)
 C - a wand of flame (23)
 H - a wand of mindburst (22)
Scrolls
 b - a scroll of poison {unknown}
 g - 2 scrolls of noise
 j - a scroll of fear {unknown}
 l - a scroll of enchant armour
 o - a scroll of identify {unknown}
 u - a scroll of blinking {unknown}
 v - a scroll of amnesia {unknown}
 y - a scroll of teleportation
 G - a scroll of enchant weapon {unknown}
Potions
 c - 2 potions of invisibility
 d - 4 potions of curing {unknown}
 e - 3 potions of heal wounds
 f - a potion of brilliance {unknown}
 h - a potion of cancellation {unknown}
 k - 2 potions of attraction {unknown}
 m - 2 potions of might {unknown}
 q - a potion of mutation {unknown}
 t - a potion of haste {unknown}
 x - a potion of enlightenment {unknown}
 D - a potion of berserk rage {unknown}
 J - 2 potions of resistance {unknown}


   Skills:
 * Level 4.6 Short Blades
 - Level 1.7 Dodging
 - Level 2.6 Stealth
 * Level 3.6 Spellcasting
 * Level 5.7 Hexes
 - Level 3.0 Ice Magic
 + Level 2.6 Invocations


You had 5 spell levels left.
You knew the following spells:

 Your Spells              Type           Power      Damage    Failure   Level
a - Confusing Touch       Hex            24%        N/A       7%          3
e - Ensorcelled Hibernat  Hex/Ice        38%        N/A       6%          2
t - Tukima's Dance        Hex            24%        N/A       7%          3

Your spell library contained the following spells:

 Spells                   Type           Power      Damage    Failure   Level
 Slow                     Hex            96%        N/A       2%          1
 Sigil of Binding         Hex            24%        N/A       7%          3
 Freeze                   Ice            56%        1d7       8%          1
 Dazzling Flash           Conj/Hex       26%        N/A       22%         3
 Frozen Ramparts          Ice            28%        1d5       22%         3
 Inner Flame              Hex/Fire       13%        N/A       22%         3
 Magic Dart               Conj           12%        1d3       26%         1
 Sandblast                Erth           6%         2d5       26%         1
 Cigotuvi's Dreadful Rot  Necr/Pois/Air  6%         N/A       36%         2
 Passwall                 Tmut/Erth      2%         N/A       36%         2
 Poisonous Vapours        Pois/Air       6%         N/A       36%         2
 Searing Ray              Conj           6%         2d4       36%         2
 Hailstorm                Conj/Ice       8%         3d4       38%         3
 Ignite Poison            Fire/Tmut/Pois 3%         N/A       58%         3
 Mephitic Cloud           Conj/Pois/Air  3%         N/A       58%         3
 Stone Arrow              Conj/Erth      6%         3d7       58%         3
 Vampiric Draining        Necr           3%         2d6       58%         3
 Fulminant Prism          Conj/Hex       6%         3d6       58%         4
 Animate Armour           Summ/Erth      6%         N/A       94%         4
 Brom's Barrelling Bould  Conj/Erth      3%         2d3       94%         4
 Flame Wave               Conj/Fire      3%         2d5       94%         4
 Sticky Flame             Conj/Fire      3%         2d3       94%         4
 Freezing Cloud           Conj/Ice/Air   3%         6-21      99%         5
 Lehudib's Crystal Spear  Conj/Erth      1%         10d2      100%        8


Dungeon Overview and Level Annotations

Branches:
Dungeon (6/15)             Temple (0/1) D:5

Altars:
Ashenzari
Fedhas
Gozag
Hepliaklqana
Kikubaaqudgha
Makhleb
Nemelex Xobeh

Annotations:
D:6 Jeremiah


Innate Abilities, Weirdness & Mutations

You have a pair of small antennae on your head.
A weak demonic guardian rushes to your aid.
You regenerate health from kills.


Message History

Press: ? - help, Shift-Dir - straight line, f - Jeremiah
Aim: Jeremiah, wielding a +2 vampiric trident, wearing a +2 robe of willpower and wearing an orb of guile (will become a cane toad, a wind drake, or a meliai, chance to affect: 66%) Jeremiah struggles to resist.
Aiming: Polymorph
Press: ? - help, Shift-Dir - straight line, f/p - Jeremiah
Aim: Jeremiah, wielding a +2 vampiric trident, wearing a +2 robe of willpower and wearing an orb of guile (will become a cane toad, a wind drake, or a meliai, chance to affect: 66%)
The butterfly resists with significant effort.
Jeremiah lets out a twisted cry.
Something smites you!
You draw a card...
You have drawn Vitriol.
Press: ? - help, Shift-Dir - straight line, f/p - Jeremiah
Aim: Jeremiah, wielding a +2 vampiric trident, wearing a +2 robe of willpower and wearing an orb of guile The glob of acid hits the butterfly!!
You kill the butterfly!
The butterfly disappears in a burst of colours!
You draw a card...
You have drawn Vitriol.
Press: ? - help, Shift-Dir - straight line, f/p - Jeremiah
Aim: Jeremiah, wielding a +2 vampiric trident, wearing a +2 robe of willpower and wearing an orb of guile The glob of acid misses the butterfly.
The glob of acid hits the butterfly!!
The acid corrodes the butterfly!
You kill the butterfly!
The butterfly disappears in a burst of colours!
You barely miss the butterfly.
Jeremiah looks at their weapon with confusion.
Jeremiah lets out a twisted cry.
Something smites you!
You hit the butterfly.
You kill the butterfly!
The butterfly disappears in a burst of colours!
Jeremiah asks, "Where am I?
Why are you fighting me?"
Jeremiah mumbles a slurred invocation.
Something smites you!
A demonic guardian appears!
You barely miss the butterfly.
Jeremiah lets out a twisted cry.
Something smites you!
You die...
Jeremiah says, "O terrible one, your will is done."
Your body glows slightly and disappears.

### #5# #.# #@# #b#
#b# # .
###b##########F#b..
#.bbF.....#..>b....
########.bbbb..b...
####F###.#.. #.#
#.#


You could see Jeremiah and a friendly ufetubus (summoned).

Vanquished Creatures
  A steam dragon (D:5)
  A sky beast (D:6)
  A black bear (D:5)
  An ice beast (D:6)
  An ogre (D:5)
  A scorpion (D:5)
  A hound (D:4)
  A jelly (D:5)
  2 orc priests
  An iguana (D:3)
  2 orc wizards
  6 adders
  2 worms
  3 dart slugs
  17 orcs
  3 ball pythons
  2 bats
  4 endoplasms
  A giant cockroach (D:3)
  8 goblins
  10 hobgoblins
  2 jackals (D:5)
  6 quokkas
  3 frilled lizards
  2 kobolds
  4 rats
86 creatures vanquished.

Vanquished Creatures (collateral kills)
  A jelly (D:5)
1 creature vanquished.

Grand Total: 87 creatures vanquished

Notes
Turn   | Place    | Note
-------+----------+-------------------------------------------
     0 | D:1      | porpoise the Demonspawn Enchanter began the quest for the
                  | Orb.
     0 | D:1      | Reached XP level 1. HP: 13/13 MP: 3/3
     9 | D:1      | Reached skill level 1 in Short Blades
   269 | D:1      | Gained mutation: You regenerate a little health from kills.
                  | [demonic ancestry]
   269 | D:1      | Reached XP level 2. HP: 18/19 MP: 5/5
   305 | D:1      | Learned a level 2 spell: Ensorcelled Hibernation
   532 | D:1      | Found a faded altar of an unknown god.
   945 | D:1      | Reached XP level 3. HP: 9/24 MP: 0/6
  1084 | D:2      | Reached skill level 1 in Ice Magic
  1122 | D:2      | Found a blossoming altar of Fedhas.
  1926 | D:3      | Found a sparkling altar of Nemelex Xobeh.
  1937 | D:3      | Gained mutation: You have a pair of small antennae on your
                  | head. [demonic ancestry]
  1937 | D:3      | Reached XP level 4. HP: 30/30 MP: 7/7
  2051 | D:3      | Learned a level 3 spell: Confusing Touch
  2409 | D:3      | Reached skill level 4 in Hexes
  2846 | D:3      | Became a worshipper of Nemelex Xobeh the Trickster
  2884 | D:3      | Reached XP level 5. HP: 16/35 MP: 3/8
  2953 | D:3      | Learned a level 3 spell: Tukima's Dance
  3000 | D:4      | Found a broken altar of Ashenzari.
  3000 | D:4      | Found an opulent altar of Gozag.
  3001 | D:4      | Found a hazy altar of Hepliaklqana.
  3828 | D:4      | Reached * piety under Nemelex Xobeh
  3977 | D:4      | Gained mutation: A weak demonic guardian rushes to your
                  | aid. [demonic ancestry]
  3977 | D:4      | Reached XP level 6. HP: 41/41 MP: 6/9
  4297 | D:5      | Entered Level 5 of the Dungeon
  4379 | D:5      | Received a gift from Nemelex Xobeh
  4515 | D:5      | Found a staircase to the Ecumenical Temple.
  4700 | D:5      | HP: 2/41 [acid (11)]
  4863 | D:5      | Reached skill level 5 in Hexes
  4863 | D:5      | Reached skill level 1 in Invocations
  4936 | D:5      | Reached ** piety under Nemelex Xobeh
  4945 | D:5      | Gained mutation: You regenerate health from kills. [demonic
                  | ancestry]
  4945 | D:5      | Reached XP level 7. HP: 46/46 MP: 7/11
  4992 | D:5      | Noticed a steam dragon
  4996 | D:5      | Killed a steam dragon
  5022 | D:5      | Found an ancient bone altar of Kikubaaqudgha.
  5023 | D:5      | Found a burning altar of Makhleb.
  5246 | D:6      | Noticed Jeremiah
  5384 | D:6      | Killed from afar by Jeremiah

Illustrated notes

Levels and vault maps discovered:
D:1:      minmay_arrival_plants_in_alcoves, layout_basic,
          dilly_ecumenical_altar_fadedgnrine
D:2:      layout_rooms, basic_altar, minmay_surrounded
D:3:      layout_loops_ring, nemelex_xobeh_ov_fountains_minmay
D:4:      layout_cave_pools, nicolae_overflow_hidden_temple, kennysheep_potato
D:5:      layout_rooms, jmf_multi_god_temple, minmay_temple_entry_stoned_glass
D:6:      layout_basic, uniq_jeremiah

Skill      XL: |  1  2  3  4  5  6  7 |
---------------+----------------------+-----
Short Blades   | 1 2 3 4 |  4.6
Ice Magic      | 1 2 3 |  3.0
Hexes          | 4 5 |  5.7
Invocations    | 1 2 |  2.6
Spellcasting   | 3 |  3.6
Dodging        | |  1.7
Stealth        | |  2.6

Action                     |  1- 3 |  4- 6 |  7- 9 || total
---------------------------+-------+-------+-------++-------
  Melee: Dagger            |   160 |   239 |    26 ||   425
  Throw: Dart              |       |     2 |       ||     2
   Cast: Ensorcelled Hiber |    10 |    33 |     1 ||    44
         Tukima's Dance    |       |     2 |       ||     2
         Confusing Touch   |       |       |     1 ||     1
 Invoke: Draw Destruction  |       |     1 |     2 ||     3
  Evoke: Wand              |       |       |     2 ||     2
    Use: Scroll            |     2 |     1 |       ||     3
         Potion            |     1 |       |       ||     1
   Stab: Sleeping          |     7 |    17 |     2 ||    26
         Confused          |       |       |     1 ||     1
 Armour: Robe              |    76 |    89 |       ||   165
         Steam dragon scal |       |       |     5 ||     5
  Dodge: Dodged            |    84 |   135 |    12 ||   231
  Block: Buckler           |    20 |    46 |     5 ||    71

Table legend: (Time is in decaauts)
 A = Elapsed time spent in this place.
 B = Non-inter-level travel time spent in this place.
 C = Inter-level travel time spent in this place.
 D = Time resting spent in this place.
 E = Time spent auto-exploring this place.
 F = Levels seen in this place.
 G = Mean time per level.
                   A        B        C        D        E       F      G
               +--------+--------+--------+--------+--------+-----+--------+
         Total |   5369 |   5088 |    281 |   1915 |   1808 |   6 |  894.8 |
       Dungeon |   5369 |   5088 |    281 |   1915 |   1808 |   6 |  894.8 |
               +--------+--------+--------+--------+--------+-----+--------+

Top non-repeatable levels by time:
     D:3: 1736 daAuts
     D:1: 1037 daAuts
     D:5: 979 daAuts
     D:4: 821 daAuts
     D:2: 715 daAuts
     D:6: 78 daAuts
